 Dungeon Crawl Stone Soup version 0.29-a0-8-g0446c0dae4 (webtiles) character file.

Game seed: 3104603504413578687

119 testman the Chucker (level 4, -1/45 HPs)
             Began as a Troll Hunter on Jan 27, 2022.
             Slain by a gnoll sergeant (4 damage)
             ... on level 2 of the Dungeon.
             The game lasted 00:07:18 (1407 turns).

testman the Chucker (Troll Hunter)                  Turns: 1407, Time: 00:07:19

Health: -1/45      AC:  4    Str: 22    XL:     4   Next: 73%
Magic:  1/1        EV:  9    Int:  7    God:
Gold:   51         SH:  0    Dex: 10    Spells: 3/3 levels left

rFire   . . .      SeeInvis .   o - +1 whip (antimagic)
rCold   . . .      Faith    .   (no shield)
rNeg    . . .      Spirit   .   b - +0 robe
rPois   .          Reflect  .   (helmet restricted)
rElec   .          Harm     .   (no cloak)
rCorr   .          Rampage  .   (gloves unavailable)
Will    .....                   (boots unavailable)
Stlth   +.........              (no amulet)
HPRegen 0.95/turn               (no ring)
MPRegen 0.07/turn               (no ring)

@: no status effects
A: large, unfitting armour, claws 3, regeneration 1, shaggy fur 1, tough skin 1
a: no special abilities


You were on level 2 of the Dungeon.
You visited 1 branch of the dungeon, and saw 2 of its levels.

You collected 51 gold pieces.

Inventory:

Hand Weapons
 e - a +0 dagger of venom
 o - a +1 antimagic whip (weapon)
Missiles
 c - 2 large rocks (quivered)
 d - 3 throwing nets
 g - 4 silver javelins
 j - a stone
 n - 6 curare-tipped darts
Armour
 b - a +0 robe (worn)
Scrolls
 a - a scroll of magic mapping {unknown}
 f - a scroll of summoning {unknown}
 h - a scroll of enchant weapon {unknown}
 i - 2 scrolls of teleportation {unknown}
 k - a scroll of vulnerability {unknown}
Potions
 l - a potion of haste {unknown}
 m - 2 potions of lignification {unknown}


   Skills:
 + Level 3.1 Fighting
 + Level 0.0 Maces & Flails
 + Level 4.7 Throwing
 - Level 1.5 Dodging
 - Level 0.3 Stealth


You had 3 spell levels left.
You didn't know any spells.
Your spell library contained the following spells:

 Spells                   Type           Power      Damage    Failure   Level
 Sandblast                Erth           0%         2d4       43%         1
 Slow                     Hex            0%         N/A       43%         1
 Static Discharge         Conj/Air       0%         N/A       56%         2
 Confusing Touch          Hex            0%         N/A       80%         3
 Vampiric Draining        Necr           0%         2d6       80%         3
 Dispel Undead            Necr           0%         3d6       99%         4
 Sticky Flame             Conj/Fire      0%         2d3       99%         4


Dungeon Overview and Level Annotations

Branches:
Dungeon (2/15)

Altars:


Innate Abilities, Weirdness & Mutations

You are too large for most types of armour.
You have claws for hands.
Your natural rate of healing is unusually fast.
You are covered in fur. (AC +1)
You have tough skin. (AC +1)


Message History

You throw a large rock.
The gnoll sergeant blocks the large rock.
The gnoll sergeant hits you from afar with a +0 spear. x2
Throw: 3 large rocks
Press: ? - help, Q - select action, (/) - cycle Shift-Dir - straight line, f/p - gnoll sergeant
Aim: a gnoll sergeant, wielding a +0 spear, wearing a +0 scale mail and wearing a +1 kite shield of positive energy (70% to hit)
You throw a large rock.
The large rock hits the gnoll sergeant but does no damage.
The gnoll sergeant hits you from afar with a +0 spear. x2
Press: ? - help, v - describe, . - travel, g - get item
Here: a gnoll sergeant, wielding a +0 spear, wearing a +0 scale mail and wearing a +1 kite shield of positive energy Item here: 2 large rocks.
The floor.
Sorry, you're not good enough to have a special ability.
The gnoll sergeant hits you with a +0 spear.
You hit the gnoll sergeant.
The gnoll sergeant is lightly wounded.
The gnoll sergeant completely misses you.
You hit the gnoll sergeant.
The gnoll sergeant is moderately wounded.
The gnoll sergeant hits you with a +0 spear!
* * * LOW HITPOINT WARNING * * *
The gnoll sergeant blocks your attack.
The gnoll sergeant is moderately wounded.
The gnoll sergeant hits you but does no damage.
You hit the gnoll sergeant but do no damage.
The gnoll sergeant is moderately wounded.
The gnoll sergeant closely misses you.
You barely miss the gnoll sergeant.
The gnoll sergeant is moderately wounded.
The gnoll sergeant hits you with a +0 spear!
* * * LOW HITPOINT WARNING * * *
You hit the gnoll sergeant but do no damage.
Your claw misses the gnoll sergeant.
The gnoll sergeant is moderately wounded.
The gnoll sergeant barely misses you.
You hit the gnoll sergeant but do no damage.
The gnoll sergeant is moderately wounded.
The gnoll sergeant hits you with a +0 spear.
You die...

######.#####.##### #.#
#................# #.#
##.###.####.#.###.# #.#
#.............###.####.#
#..###.##.#.#........>.# #..#
#.#.##........###.## #..#
##########.........# #..##
♣♣♣♣♣♣##...###..# #...#
♣♣gg@.♣ ###..##..#
#.###♣♣♣gg##### ###.##..#
###♣♣♣....#...# #....†..#
#######♣♣)..♣.g#...#####.##..#
......)..)).(..'..).###......#
#######♣♣....♣.#...###......##
##### ♣♣♣.)..#...# ##..####
#...# ♣♣♣..##### #..#
#.#.##### ♣♣...)♣ #..#


You could see a gnoll sergeant and 3 gnolls.

Vanquished Creatures
  2 adders (D:2)
  4 gnolls (D:2)
  A worm (D:2)
  3 dart slugs
  6 endoplasms
  3 giant cockroaches
  2 hobgoblins (D:2)
  2 jackals (D:1)
  2 kobolds (D:2)
  2 quokkas (D:2)
  8 ball pythons
  6 bats
  2 frilled lizards
  3 goblins
  9 rats
55 creatures vanquished.

Notes
Turn   | Place    | Note
-------+----------+-------------------------------------------
     0 | D:1      | testman the Troll Hunter began the quest for the Orb.
     0 | D:1      | Reached XP level 1. HP: 19/19 MP: 0/0
   116 | D:1      | Found a faded altar of an unknown god.
   123 | D:1      | Got Plato's Papyrus of the Rocks
   145 | D:1      | Reached XP level 2. HP: 28/28 MP: 1/1
   272 | D:1      | Reached skill level 4 in Throwing
   388 | D:1      | Reached XP level 3. HP: 30/35 MP: 2/2
   849 | D:2      | Reached XP level 4. HP: 44/44 MP: 3/3
  1383 | D:2      | Noticed a gnoll sergeant
  1385 | D:2      | Found the +8 woodcutter's axe {vorpal}
  1405 | D:2      | HP: 1/45 [gnoll sergeant (14)]
  1407 | D:2      | Slain by a gnoll sergeant

Illustrated notes

Levels and vault maps discovered:
D:1:      lemuel_arrival_behind_the_door_large, layout_basic,
          shapermc_ecumenical_altar_rom_forum
D:2:      minmay_diamond_boxcup, layout_loops_ring, pf_guarded_unrand_woodcutter

Skill      XL: |  1  2  3  4 |
---------------+-------------+-----
Fighting       | 2 3 |  3.1
Throwing       | 4 |  4.7
Dodging        | |  1.5
Stealth        | |  0.3

Action                   |  1- 3 |  4- 6 || total
-------------------------+-------+-------++-------
Melee: Dagger            |   114 |    46 ||   160
       Punch             |     2 |       ||     2
       Whip              |       |     9 ||     9
Throw: Large rock        |     2 |     3 ||     5
       Javelin           |     1 |     1 ||     2
 Stab: Sleeping          |     1 |     2 ||     3
Armor: Robe              |    63 |    12 ||    75
Dodge: Dodged            |    70 |    21 ||    91

Table legend: (Time is in decaauts)
 A = Elapsed time spent in this place.
 B = Non-inter-level travel time spent in this place.
 C = Inter-level travel time spent in this place.
 D = Time resting spent in this place.
 E = Time spent auto-exploring this place.
 F = Levels seen in this place.
 G = Mean time per level.
                   A        B        C        D        E       F      G
               +--------+--------+--------+--------+--------+-----+--------+
         Total |   1411 |   1409 |      2 |    100 |    881 |   2 |  705.5 |
       Dungeon |   1411 |   1409 |      2 |    100 |    881 |   2 |  705.5 |
               +--------+--------+--------+--------+--------+-----+--------+

Top non-repeatable levels by time:
     D:2: 817 daAuts
     D:1: 593 daAuts
